 Dungeon Crawl Stone Soup version 0.18-a0-1347-gb9e2fb4 (webtiles) character file.

53 M4edhros the Sneak (level 3, 25/26 HPs)
             Began as an Octopode Monk on Feb 17, 2016.
             Was a Follower of Elyvilon (penitent).
             Got out of the dungeon alive.
             The game lasted 00:04:54 (1652 turns).

M4edhros the Sneak (Octopode Monk)                  Turns: 1652, Time: 00:04:54

Health: 25/26      AC:  1    Str: 10    XL:     3   Next: 89%
Magic:  3/3        EV: 12    Int: 12    God:    Elyvilon [*]
Gold:   127        SH:  0    Dex: 15    Spells: 0 memorised, 2 levels left

rFire  . . .     SeeInvis .       - Unarmed
rCold  . . .     Gourm    .     (no shield)
rNeg   . . .     Faith    .     (helmet restricted)
rPois  .         Spirit   .     (no amulet)
rElec  .         Dismiss  .     b - ring of sustain attributes
rCorr  .         Reflect  .     (no ring)
SustAt +         Harm     .     (no ring)
MR     .....                    (no ring)
Stlth  ++++......               (no ring)
                                (no ring)
                                (no ring)
                                (no ring)

@: drained, not resistant to hostile enchantments, stealthy
A: almost no armour, amphibious, 8 rings, constrict 8, camouflage 1, gelatinous
body 1
a: Renounce Religion


You escaped.
You worshipped Elyvilon.
Elyvilon was demanding penance.
You were not hungry.

You visited 1 branch of the dungeon, and saw 4 of its levels.

You collected 127 gold pieces.

Inventory:

Jewellery
 b - a ring of sustain attributes (left tentacle)
 e - an uncursed amulet of harm
 n - a +4 ring of strength
 p - an uncursed amulet of faith {unknown}
Scrolls
 c - 2 scrolls of remove curse
 d - 2 scrolls of magic mapping {unknown}
 h - a scroll of noise {unknown}
 i - a scroll of teleportation {unknown}
 k - a scroll of enchant armour {unknown}
 l - a scroll of recharging {unknown}
 q - a scroll of random uselessness {unknown}
Potions
 f - a potion of lignification {unknown}
 j - 2 potions of cancellation {unknown}
 m - a potion of curing {unknown}
 o - a potion of resistance {unknown}
 r - a potion of degeneration {unknown}
Comestibles
 a - 2 bread rations


   Skills:
 - Level 3.0(1.9) Fighting
 - Level 3.0(1.9) Dodging
 + Level 5.0(3.9) Stealth
 + Level 4.4(3.4) Unarmed Combat


You had 2 spell levels left.
You didn't know any spells.

Dungeon Overview and Level Annotations

Branches:
Dungeon (4/15)
 Temple: D:4-7

Altars:
Dithmenos
Elyvilon

Annotations:
D:4 Sigmund


Innate Abilities, Weirdness & Mutations

You cannot wear most types of armour.
You are amphibious.
You can wear up to eight rings at the same time.
You can use your tentacles to constrict eight enemies at once.
Your skin changes colour to match your surroundings (Stealth).
Your rubbery body absorbs attacks (AC +1).


Message History

You constrict the hobgoblin.
The hobgoblin hits you but does no damage.
You tentacle-slap the hobgoblin.
The hobgoblin is almost dead.
You constrict the hobgoblin.
You kill the hobgoblin!
Your base Stealth skill increases to level 5!
No target in view!
(D) Dungeon
Where to? (Enter - D:1, ? - help)
Okay, then.
You open the door.
There is an open door here.
The ogre shouts!
The felid hisses angrily.
The centaur shouts!
The human shouts!
There is a staircase leading out of the dungeon here.
Are you sure you want to leave the Dungeon?
This will make you lose the game!
You have escaped!

#.............
#...##...†..##
#...##......#
#############
####### ####
#.#c#.#######.#9
########.#o#g####
##......#######...
#@..............##
##..........#####i
############n#K##
#p#c#i#.#x#####
########### ## ..
..


You could see a human.

Vanquished Creatures
  An ooze (D:2)
  A worm (D:2)
  3 giant geckos
  2 ball pythons
  2 giant cockroaches
  6 goblins
  8 hobgoblins
  A quokka (D:4)
  8 bats
  2 giant newts
  3 kobolds (D:1)
  4 rats
41 creatures vanquished.

Notes
Turn   | Place    | Note
--------------------------------------------------------------
     0 | D:1      | M4edhros the Octopode Monk began the quest for the Orb.
     0 | D:1      | Reached XP level 1. HP: 16/16 MP: 1/1
     0 | D:1      | Noticed a human
     1 | D:1      | Noticed a centaur
     1 | D:1      | Noticed a centaur
     3 | D:1      | Noticed a spriggan
     7 | D:1      | Noticed an octopode
    10 | D:1      | Noticed a dwarf
    10 | D:1      | Noticed a ghoul
    14 | D:1      | Noticed a gargoyle
    14 | D:1      | Noticed a spriggan
    16 | D:1      | Noticed a ghoul
    16 | D:1      | Noticed an octopode
    18 | D:1      | Noticed a formicid
    18 | D:1      | Noticed a felid
    20 | D:1      | Noticed an ogre
   135 | D:1      | Reached XP level 2. HP: 21/21 MP: 2/2
   423 | D:1      | You fall through a shaft!
   769 | D:2      | Reached XP level 3. HP: 26/26 MP: 3/3
  1086 | D:4      | Noticed Sigmund
  1194 | D:4      | Found a shadowy altar of Dithmenos.
  1195 | D:4      | Found a white marble altar of Elyvilon.
  1210 | D:4      | Became a worshipper of Elyvilon the Healer
  1210 | D:4      | Reached * piety under Elyvilon
  1210 | D:4      | Reached ** piety under Elyvilon
  1249 | D:3      | Was placed under penance by Elyvilon
  1595 | D:1      | You fall through a shaft!
  1612 | D:1      | Reached skill level 5 in Stealth
  1652 | D:$      | Got out of the dungeon alive.

Vault maps used:
D:1:      shiori_arrival_whats_in_store_for_you
D:3:      first_bread
D:4:      gammafunk_temple_overflow_pools, minmay_temple_entry_fiery,
          minivault_19, uniq_grinder, uniq_sigmund

Action                   || total
-------------------------++-------
Melee: Unarmed           ||    67
  Use: Scroll            ||     2
 Stab: Sleeping          ||    17
  Eat: Meat ration       ||     1
